Flames vs Penguins
Created - March 31, 2022 at 19:43
Goals
|
| Flames |
0 |
1 |
0 |
1 |
| Penguins |
0 |
1 |
1 |
2 |
|
Shots
|
| Flames |
8 |
14 |
15 |
37 |
| Penguins |
7 |
11 |
12 |
30 |
|
1st period
No Goal
Penalties :
Tanner Pearson (Cal) for Roughing (Minor) at 0:51
2nd period
1. Penguins , Marcus Foligno 12 (Sean Zimmerman 17, Brandon Tanev 6) at 5:51
2. Flames , David Backes 22 (Alexander Semin 20, Patrik Berglund 19) at 14:45 (PP)
Penalties :
Marcus Foligno (Pit) for Roughing (Minor) at 10:26, Steven Stamkos (Pit) for Interference (Minor) at 14:32
3rd period
3. Penguins , Nikita Kucherov 36 (Steven Stamkos 48, Sean Zimmerman 18) at 9:59
Penalties :
Brandon Tanev (Pit) for Cross-checking (Minor) at 1:07
Goalie Stats
Christopher Gibson (Cal), 28 saves from 30 shots - (0.933), L, 2-4-0, 58:45 minutes
Viktor Fasth (Pit), 36 saves from 37 shots - (0.973), W, 11-8-3, 60:00 minutes
Players Stats for Flames
Player Name G A P +/- PIM S H SB GA TA FO MP PP MP PK MP
------------------------------------------------------------------------------------
Alexander Semin 0 1 1 0 0 9 3 0 0 0 2/2 19:32 2:29 0:17
Anders Lee 0 0 0 -2 0 2 2 1 0 0 2/6 14:21 0:05 0:00
Brad Marchand 0 0 0 0 0 3 3 1 0 0 0/0 13:54 0:00 0:00
Brendan Mikkelson 0 0 0 0 0 1 0 1 0 0 0/0 15:24 0:00 1:03
Bryan Rust 0 0 0 -2 0 3 0 0 0 0 0/0 15:19 0:05 0:58
Christian Folin 0 0 0 -1 0 0 1 2 0 0 0/0 21:20 1:24 0:56
Colby Robak 0 0 0 0 0 1 0 2 0 1 0/0 14:04 0:00 0:56
Colin Wilson 0 0 0 0 0 1 4 0 0 0 3/10 16:27 1:42 0:51
David Backes 1 0 1 0 0 5 3 1 0 0 2/2 19:02 2:24 0:00
David Ullstrom 0 0 0 0 0 0 0 0 0 0 0/0 8:58 0:00 0:00
Erik Johnson 0 0 0 -1 0 2 2 3 1 1 0/0 26:13 2:47 1:03
Esa Lindell 0 0 0 -1 0 1 0 1 0 1 0/0 19:43 1:24 0:00
Jimmy Hayes 0 0 0 0 0 0 1 0 0 0 0/0 15:36 1:42 0:00
Kyle Palmieri 0 0 0 0 0 1 0 0 0 0 0/0 9:49 0:00 0:51
Patrik Berglund 0 1 1 0 0 3 1 1 2 0 19/29 20:07 2:24 1:01
Sami Vatanen 0 0 0 -1 0 2 2 1 1 1 0/0 23:16 2:47 0:00
Tanner Pearson 0 0 0 -2 2 3 0 0 0 0 0/0 15:57 1:42 0:00
Vladimir Sobotka 0 0 0 0 0 0 0 0 0 1 2/3 8:58 0:00 0:00
Players Stats for Penguins
Player Name G A P +/- PIM S H SB GA TA FO MP PP MP PK MP
------------------------------------------------------------------------------------
Brandon Tanev 0 1 1 1 2 1 0 0 0 0 0/0 7:27 0:00 0:00
Cal Clutterbuck 0 0 0 0 0 0 2 0 0 0 1/3 12:55 0:00 1:05
Clarke MacArthur 0 0 0 0 0 0 2 1 0 0 0/0 11:56 0:00 0:45
Damon Severson 0 0 0 0 0 1 0 1 0 0 0/0 14:30 0:00 0:00
Derek Stepan 0 0 0 0 0 5 2 2 0 0 5/10 17:23 1:00 0:49
Jason Zucker 0 0 0 1 0 4 1 0 2 1 1/1 23:06 0:59 2:30
Jeff Skinner 0 0 0 0 0 1 1 1 0 1 0/0 17:23 1:00 0:49
Joe Colborne 0 0 0 0 0 3 1 0 1 0 2/4 11:11 0:00 0:00
Joe Pavelski 0 0 0 0 0 0 2 1 0 0 0/1 15:41 1:00 0:00
Keith Aulie 0 0 0 0 0 2 2 1 0 0 0/0 29:53 1:02 2:16
Marcus Foligno 1 0 1 1 2 3 1 0 0 0 0/0 8:14 0:00 0:00
Nick Leddy 0 0 0 2 0 1 2 1 1 0 0/0 22:59 0:57 1:55
Nikita Kucherov 1 0 1 1 0 2 2 0 0 0 2/3 20:36 0:59 0:00
Oliver Ekman-Larsson 0 0 0 0 0 1 1 1 0 1 0/0 26:51 1:02 2:16
Robert Hagg 0 0 0 0 0 0 0 1 0 1 0/0 4:28 0:00 0:00
Roope Hintz 0 0 0 1 0 1 0 1 0 0 0/2 7:22 0:00 0:00
Sean Zimmerman 0 2 2 2 0 1 2 1 0 0 0/0 20:46 0:57 1:55
Steven Stamkos 0 1 1 1 2 4 2 3 1 0 11/28 23:05 0:59 2:24
3 Stars
1 - Viktor Fasth (Pit)
2 - Sean Zimmerman (Pit)
3 - Nikita Kucherov (Pit)
Power Play
Flames - 1 on 3 Attempt(s) - 33.33%
Penguins - 0 on 1 Attempt(s) - 0.00%
Penalty Kill
Flames - 1 on 1 Attempt(s) - 100.00%
- Score 0 goal in Penalty Kill
Penguins - 2 on 3 Attempt(s) - 66.67%
- Score 0 goal in Penalty Kill
Team Stat
Flames - Hits : 22 - Faceoff Wins : 30 - Blocked Shots : 14 - Penalty Minutes : 2
Penguins - Hits : 23 - Faceoff Wins : 22 - Blocked Shots : 15 - Penalty Minutes : 6
Official
Referees : TJ Luxmore and Chris Schlenker
Linesman : Brian Mach and Devin Berg
Game Notes
Robert Hagg is injured at 2:16 of 2nd period (Strained Left Elbow)
Finance
Level 1 -- Attendance: 6000 (100.00%) -- Ticket Income $600,000
Level 2 -- Attendance: 5000 (100.00%) -- Ticket Income $300,000
Level 3 -- Attendance: 1888 (94.40%) -- Ticket Income $66,080
Level 4 -- Attendance: 3612 (90.30%) -- Ticket Income $90,300
Luxury Box -- Attendance: 995 (99.50%) -- Ticket Income $199,000
Game was played at the PPG Paint Arena.
Total Attendance: 17495 (97.19%)
Total Ticket Income: $1,255,380
Other Income: $188,307
Total Income: $1,443,687
Flames
5 vs 5 Forward
Center Left Wing Right Wing Time % Phy DF OF
1 Patrik Berglund Alexander Semin David Backes 40 1 2 2
2 Colin Wilson Brad Marchand Jimmy Hayes 30 1 2 2
3 Anders Lee Tanner Pearson Bryan Rust 20 1 2 2
4 Vladimir Sobotka David Ullstrom Kyle Palmieri 10 1 2 2
5 vs 5 Defense
Defense Defense Time % Phy DF OF
1 Erik Johnson Sami Vatanen 40 1 2 2
2 Esa Lindell Christian Folin 31 1 2 2
3 Colby Robak Brendan Mikkelson 22 1 2 2
4 Erik Johnson Brendan Mikkelson 7 1 2 2
PowerPlay Forward
Center Left Wing Right Wing Time % Phy DF OF
1 Patrik Berglund Alexander Semin David Backes 60 1 1 3
2 Colin Wilson Tanner Pearson Jimmy Hayes 40 1 2 2
PowerPlay Defense
Defense Defense Time % Phy DF OF
1 Erik Johnson Sami Vatanen 60 1 1 3
2 Esa Lindell Christian Folin 40 1 2 2
Penalty Kill 4 Players Forward
Center Wing Time % Phy DF OF
1 Patrik Berglund Bryan Rust 60 1 2 2
2 Colin Wilson Kyle Palmieri 40 1 2 2
Penalty Kill 4 Players Defense
Defense Defense Time % Phy DF OF
1 Erik Johnson Brendan Mikkelson 60 1 2 2
2 Colby Robak Christian Folin 40 1 2 2
Penalty Kill - 3 Players Forward
Forward Time % Phy DF OF
1 Vladimir Sobotka 60 1 2 2
2 Bryan Rust 40 1 2 2
Penalty Kill - 3 Players Defense
Defense Defense Time % Phy DF OF
1 Erik Johnson Brendan Mikkelson 60 1 2 2
2 Colby Robak Christian Folin 40 1 2 2
4 vs 4 Forward
Center Wing Time % Phy DF OF
1 Patrik Berglund David Backes 60 1 2 2
2 Colin Wilson Alexander Semin 40 1 2 2
4 vs 4 Defense
Defense Defense Time % Phy DF OF
1 Erik Johnson Sami Vatanen 60 1 2 2
2 Esa Lindell Christian Folin 40 1 2 2
Last Minutes Offensive
Center Left Wing Right Wing Defense Defense
Patrik Berglund Alexander Semin David Backes Erik Johnson Sami Vatanen
Last Minutes Defensive
Center Left Wing Right Wing Defense Defense
Patrik Berglund Alexander Semin David Backes Erik Johnson Sami Vatanen
Goaltenders
Starting : Christopher Gibson
Backup : Henrik Lundqvist
Extra Forwards
Normal : Alexander Semin, Bryan Rust, Colin Wilson - PP : Tanner Pearson, Colin Wilson - PK : Alexander Semin
Extra Defensemen
Normal : Esa Lindell, Christian Folin, Brendan Mikkelson - PP : Esa Lindell - PK : Christian Folin, Brendan Mikkelson
Penalty Shots
Brad Marchand, Alexander Semin, Tanner Pearson, Patrik Berglund, Anders Lee
Scratches
David Savard (Healthy), Eric Staal (Strained Right Knee Injury), Tyler Shattock (Healthy)
Penguins
5 vs 5 Forward
Center Left Wing Right Wing Time % Phy DF OF
1 Steven Stamkos Jason Zucker Nikita Kucherov 40 1 2 2
2 Derek Stepan Jeff Skinner Joe Pavelski 30 1 2 2
3 Joe Colborne Clarke MacArthur Cal Clutterbuck 20 1 2 2
4 Roope Hintz Brandon Tanev Marcus Foligno 10 1 2 2
5 vs 5 Defense
Defense Defense Time % Phy DF OF
1 Oliver Ekman-Larsson Keith Aulie 40 1 2 2
2 Sean Zimmerman Nick Leddy 30 1 2 2
3 Damon Severson Robert Hagg 20 1 2 2
4 Oliver Ekman-Larsson Keith Aulie 10 1 2 2
PowerPlay Forward
Center Left Wing Right Wing Time % Phy DF OF
1 Steven Stamkos Jason Zucker Nikita Kucherov 60 1 2 2
2 Derek Stepan Jeff Skinner Joe Pavelski 40 1 2 2
PowerPlay Defense
Defense Defense Time % Phy DF OF
1 Oliver Ekman-Larsson Keith Aulie 60 1 2 2
2 Sean Zimmerman Nick Leddy 40 1 2 2
Penalty Kill 4 Players Forward
Center Wing Time % Phy DF OF
1 Steven Stamkos Jason Zucker 60 1 2 2
2 Derek Stepan Jeff Skinner 40 1 2 2
Penalty Kill 4 Players Defense
Defense Defense Time % Phy DF OF
1 Oliver Ekman-Larsson Keith Aulie 60 1 2 2
2 Sean Zimmerman Nick Leddy 40 1 2 2
Penalty Kill - 3 Players Forward
Forward Time % Phy DF OF
1 Steven Stamkos 60 1 2 2
2 Derek Stepan 40 1 2 2
Penalty Kill - 3 Players Defense
Defense Defense Time % Phy DF OF
1 Oliver Ekman-Larsson Keith Aulie 60 1 2 2
2 Sean Zimmerman Nick Leddy 40 1 2 2
4 vs 4 Forward
Center Wing Time % Phy DF OF
1 Steven Stamkos Jason Zucker 60 1 2 2
2 Derek Stepan Jeff Skinner 40 1 2 2
4 vs 4 Defense
Defense Defense Time % Phy DF OF
1 Oliver Ekman-Larsson Keith Aulie 60 1 2 2
2 Sean Zimmerman Nick Leddy 40 1 2 2
Last Minutes Offensive
Center Left Wing Right Wing Defense Defense
Steven Stamkos Jason Zucker Nikita Kucherov Oliver Ekman-Larsson Keith Aulie
Last Minutes Defensive
Center Left Wing Right Wing Defense Defense
Steven Stamkos Jason Zucker Nikita Kucherov Oliver Ekman-Larsson Keith Aulie
Goaltenders
Starting : Viktor Fasth
Backup : Jacob Markstrom
Extra Forwards
Normal : Cal Clutterbuck, Marcus Foligno, Jason Zucker - PP : Cal Clutterbuck, Marcus Foligno - PK : Cal Clutterbuck
Extra Defensemen
Normal : Nick Leddy, Sean Zimmerman, Robert Hagg - PP : Nick Leddy - PK : Nick Leddy, Sean Zimmerman
Penalty Shots
Steven Stamkos, Nikita Kucherov, Derek Stepan, Joe Pavelski, Cal Clutterbuck
Scratches
Lars Eller (Suspend)
% Time on Ice - Flames
Lines # - Real PCT - Wanted PCT - Time Play
Normal Forward
1 - 30% - 40% - 15:42
2 - 26% - 30% - 13:54
3 - 27% - 20% - 14:12
4 - 17% - 10% - 8:58
Normal Defense
1 - 37% - 40% - 19:25
2 - 36% - 31% - 19:00
3 - 24% - 22% - 12:27
4 - 4% - 7% - 1:54
PP Forward
1 - 59% - 60% - 2:29
2 - 41% - 40% - 1:42
PP Defense
1 - 67% - 60% - 2:47
2 - 33% - 40% - 1:24
PK Forward
1 - 57% - 60% - 1:08
2 - 43% - 40% - 0:51
PK Defense
1 - 53% - 60% - 1:03
2 - 47% - 40% - 0:56
PK3 Forward
1 - 0% - 60%
2 - 0% - 40%
PK3 Defense
1 - 0% - 60%
2 - 0% - 40%
44 Forward
1 - 0% - 60%
2 - 0% - 40%
44 Defense
1 - 0% - 60%
2 - 0% - 40%
Last Minute Offensive - 1:04
Last Minute Defensive - 0:00
Total
Forward - 60:00
Defense - 60:00
|
% Time on Ice - Penguins
Lines # - Real PCT - Wanted PCT - Time Play
Normal Forward
1 - 35% - 40% - 18:39
2 - 30% - 30% - 15:34
3 - 21% - 20% - 11:11
4 - 14% - 10% - 7:22
Normal Defense
1 - 35% - 40% - 18:36
2 - 29% - 30% - 15:05
3 - 32% - 20% - 16:46
4 - 4% - 10% - 2:19
PP Forward
1 - 50% - 60% - 0:59
2 - 50% - 40% - 1:00
PP Defense
1 - 52% - 60% - 1:02
2 - 48% - 40% - 0:57
PK Forward
1 - 80% - 60% - 3:22
2 - 20% - 40% - 0:49
PK Defense
1 - 54% - 60% - 2:16
2 - 46% - 40% - 1:55
PK3 Forward
1 - 0% - 60%
2 - 0% - 40%
PK3 Defense
1 - 0% - 60%
2 - 0% - 40%
44 Forward
1 - 0% - 60%
2 - 0% - 40%
44 Defense
1 - 0% - 60%
2 - 0% - 40%
Last Minute Offensive - 0:00
Last Minute Defensive - 1:04
Total
Forward - 60:00
Defense - 60:00
|
Play-by-Play
1st period
0:01 of 1st period - Patrik Berglund wins face-off versus Steven Stamkos in neutral zone.
0:34 of 1st period - Snap shot by Jeff Skinner.
0:34 of 1st period - Shot Blocked by Erik Johnson.
0:51 of 1st period - Minor Penalty to Tanner Pearson for Roughing.
0:52 of 1st period - Patrik Berglund wins face-off versus Steven Stamkos in Flames zone.
1:15 of 1st period - Nick Leddy is hit by Colin Wilson.
1:39 of 1st period - Slapshot by Colin Wilson.
1:39 of 1st period - Stopped by Viktor Fasth with a rebound.
2:39 of 1st period - Keith Aulie is hit by Colin Wilson and loses puck.
2:51 of 1st period - Penalty to Tanner Pearson is over, Tanner Pearson is back on ice.
4:40 of 1st period - Wrist shot by Anders Lee.
4:40 of 1st period - Stopped by Viktor Fasth with a rebound.
4:51 of 1st period - Sami Vatanen is hit by Cal Clutterbuck and loses puck.
5:20 of 1st period - Slapshot by David Backes.
5:20 of 1st period - Stopped by Viktor Fasth with a rebound.
5:22 of 1st period - Slapshot by Erik Johnson.
5:22 of 1st period - Stopped by Viktor Fasth without a rebound.
5:23 of 1st period - Jason Zucker wins face-off versus Patrik Berglund in Penguins zone.
5:28 of 1st period - David Backes is hit by Nikita Kucherov and loses puck.
5:47 of 1st period - Icing by Jason Zucker.
5:48 of 1st period - Steven Stamkos wins face-off versus Colin Wilson in Penguins zone.
5:57 of 1st period - Wrist shot by Steven Stamkos.
5:57 of 1st period - Shot Misses the Net.
6:24 of 1st period - Brendan Mikkelson is hit by Nikita Kucherov and loses puck.
6:41 of 1st period - Slapshot by Nikita Kucherov.
6:41 of 1st period - Shot Misses the Net.
6:43 of 1st period - Wrist shot by Jason Zucker.
6:43 of 1st period - Stopped by Christopher Gibson with a rebound.
6:45 of 1st period - Slapshot by Oliver Ekman-Larsson.
6:45 of 1st period - Shot Blocked by Brendan Mikkelson.
7:30 of 1st period - Icing by Nikita Kucherov.
7:31 of 1st period - Nikita Kucherov wins face-off versus Patrik Berglund in Penguins zone.
8:03 of 1st period - Snap shot by Derek Stepan.
8:03 of 1st period - Deflect By Jeff Skinner.
8:03 of 1st period - Shot Misses the Net.
8:03 of 1st period - Puck is out of play.
8:04 of 1st period - David Backes wins face-off versus Derek Stepan in Flames zone.
8:17 of 1st period - Snap shot by Derek Stepan.
8:17 of 1st period - Shot Misses the Net.
8:56 of 1st period - Slapshot by Roope Hintz.
8:56 of 1st period - Deflect By Marcus Foligno.
8:56 of 1st period - Shot Misses the Net.
8:56 of 1st period - Puck is out of play.
8:57 of 1st period - Patrik Berglund wins face-off versus Roope Hintz in Flames zone.
9:04 of 1st period - Wrist shot by Alexander Semin.
9:04 of 1st period - Stopped by Viktor Fasth with a rebound.
9:44 of 1st period - Kyle Palmieri is hit by Clarke MacArthur.
9:45 of 1st period - Icing by Kyle Palmieri.
9:46 of 1st period - Joe Colborne wins face-off versus Vladimir Sobotka in Flames zone.
9:57 of 1st period - Icing by David Ullstrom.
9:58 of 1st period - Vladimir Sobotka wins face-off versus Derek Stepan in Flames zone.
10:24 of 1st period - Slapshot by Kyle Palmieri.
10:24 of 1st period - Shot Blocked by Derek Stepan.
10:38 of 1st period - Snap shot by Esa Lindell.
10:38 of 1st period - Stopped by Viktor Fasth without a rebound.
10:39 of 1st period - Steven Stamkos wins face-off versus Patrik Berglund in Penguins zone.
10:39 of 1st period - Steven Stamkos is hit by Alexander Semin.
11:05 of 1st period - Colin Wilson is hit by Cal Clutterbuck and loses puck.
11:55 of 1st period - Off-side.
11:56 of 1st period - Steven Stamkos wins face-off versus Colin Wilson in neutral zone.
12:44 of 1st period - Snap shot by Joe Colborne.
12:44 of 1st period - Deflect By Esa Lindell.
12:44 of 1st period - Stopped by Christopher Gibson with a rebound.
13:22 of 1st period - Jason Zucker is hit by Brad Marchand and loses puck.
13:32 of 1st period - Wrist shot by Robert Hagg.
13:32 of 1st period - Shot Misses the Net.
13:52 of 1st period - Snap shot by Jeff Skinner.
13:52 of 1st period - Stopped by Christopher Gibson with a rebound.
14:14 of 1st period - Snap shot by Joe Colborne.
14:14 of 1st period - Shot Blocked by Erik Johnson.
14:36 of 1st period - Wrist shot by Steven Stamkos.
14:36 of 1st period - Stopped by Christopher Gibson without a rebound.
14:37 of 1st period - Patrik Berglund wins face-off versus Derek Stepan in Flames zone.
15:04 of 1st period - Steven Stamkos is hit by Colin Wilson and loses puck.
15:38 of 1st period - Wrist shot by Joe Colborne.
15:38 of 1st period - Deflect By Erik Johnson.
15:38 of 1st period - Stopped by Christopher Gibson with a rebound.
15:56 of 1st period - Wrist shot by Sami Vatanen.
15:56 of 1st period - Stopped by Viktor Fasth with a rebound.
16:02 of 1st period - Marcus Foligno is hit by Erik Johnson.
16:39 of 1st period - Snap shot by Alexander Semin.
16:39 of 1st period - Shot Misses the Net.
16:59 of 1st period - Cal Clutterbuck is hit by Brad Marchand and loses puck.
17:20 of 1st period - Snap shot by Roope Hintz.
17:20 of 1st period - Deflect By Brandon Tanev.
17:20 of 1st period - Shot Misses the Net.
17:20 of 1st period - Puck is out of play.
17:21 of 1st period - Steven Stamkos wins face-off versus Patrik Berglund in Flames zone.
17:26 of 1st period - Snap shot by Nikita Kucherov.
17:26 of 1st period - Deflect By Steven Stamkos.
17:26 of 1st period - Stopped by Christopher Gibson without a rebound.
17:27 of 1st period - Patrik Berglund wins face-off versus Steven Stamkos in Flames zone.
17:32 of 1st period - Esa Lindell is hit by Keith Aulie.
17:49 of 1st period - Off-side.
17:50 of 1st period - Colin Wilson wins face-off versus Derek Stepan in neutral zone.
18:15 of 1st period - Derek Stepan is hit by Anders Lee and loses puck.
18:20 of 1st period - Wrist shot by Anders Lee.
18:20 of 1st period - Shot Misses the Net.
18:26 of 1st period - Snap shot by Tanner Pearson.
18:26 of 1st period - Shot Misses the Net.
18:28 of 1st period - Snap shot by Bryan Rust.
18:28 of 1st period - Stopped by Viktor Fasth with a rebound.
18:55 of 1st period - Snap shot by Derek Stepan.
18:55 of 1st period - Stopped by Christopher Gibson with a rebound.
19:46 of 1st period - Slapshot by Oliver Ekman-Larsson.
19:46 of 1st period - Deflect By Cal Clutterbuck.
19:46 of 1st period - Shot Blocked by Anders Lee.
19:46 of 1st period - Puck is out of play.
19:47 of 1st period - Alexander Semin wins face-off versus Steven Stamkos in Flames zone.
19:57 of 1st period - Off-side.
19:58 of 1st period - Patrik Berglund wins face-off versus Steven Stamkos in neutral zone.
Goals for this period are 0 for Flames vs 0 for Penguins.
Shots for this period are 8 for Flames vs 7 for Penguins.
2nd period
0:01 of 2nd period - Patrik Berglund wins face-off versus Steven Stamkos in neutral zone.
0:18 of 2nd period - Alexander Semin is hit by Oliver Ekman-Larsson and loses puck.
1:37 of 2nd period - Wrist shot by Brad Marchand.
1:37 of 2nd period - Stopped by Viktor Fasth without a rebound.
1:38 of 2nd period - Colin Wilson wins face-off versus Steven Stamkos in Penguins zone.
1:53 of 2nd period - Wrist shot by Brad Marchand.
1:53 of 2nd period - Shot Blocked by Nick Leddy.
2:16 of 2nd period - Slapshot by Brad Marchand.
2:16 of 2nd period - Shot Blocked by Robert Hagg.
2:16 of 2nd period - Robert Hagg from Penguins is injured at 2:16 of 2nd period (Strained Left Elbow).
2:17 of 2nd period - Patrik Berglund wins face-off versus Steven Stamkos in Penguins zone.
2:22 of 2nd period - Wrist shot by Patrik Berglund.
2:22 of 2nd period - Stopped by Viktor Fasth with a rebound.
2:24 of 2nd period - Slapshot by Alexander Semin.
2:24 of 2nd period - Shot Misses the Net.
2:34 of 2nd period - Slapshot by Patrik Berglund.
2:34 of 2nd period - Shot Blocked by Steven Stamkos.
2:44 of 2nd period - Jimmy Hayes is hit by Joe Pavelski and loses puck.
2:49 of 2nd period - Slapshot by Derek Stepan.
2:49 of 2nd period - Shot Blocked by Brad Marchand.
3:02 of 2nd period - Off-side.
3:03 of 2nd period - Joe Colborne wins face-off versus Anders Lee in neutral zone.
3:16 of 2nd period - Snap shot by Joe Colborne.
3:16 of 2nd period - Stopped by Christopher Gibson with a rebound.
3:18 of 2nd period - Slapshot by Nick Leddy.
3:18 of 2nd period - Stopped by Christopher Gibson with a rebound.
3:30 of 2nd period - Bryan Rust is hit by Joe Pavelski and loses puck.
3:39 of 2nd period - Snap shot by Derek Stepan.
3:39 of 2nd period - Stopped by Christopher Gibson with a rebound.
3:41 of 2nd period - Slapshot by Derek Stepan.
3:41 of 2nd period - Stopped by Christopher Gibson with a rebound.
3:43 of 2nd period - Snap shot by Keith Aulie.
3:43 of 2nd period - Stopped by Christopher Gibson with a rebound.
3:53 of 2nd period - Slapshot by Marcus Foligno.
3:53 of 2nd period - Stopped by Christopher Gibson with a rebound.
3:55 of 2nd period - Wrist shot by Keith Aulie.
3:55 of 2nd period - Shot Blocked by Colby Robak.
4:04 of 2nd period - Off-side.
4:05 of 2nd period - Patrik Berglund wins face-off versus Steven Stamkos in neutral zone.
4:22 of 2nd period - Wrist shot by Nikita Kucherov.
4:22 of 2nd period - Shot Blocked by Patrik Berglund.
4:32 of 2nd period - Joe Pavelski is hit by Brad Marchand and loses puck.
4:37 of 2nd period - Slapshot by Brad Marchand.
4:37 of 2nd period - Stopped by Viktor Fasth with a rebound.
4:39 of 2nd period - Wrist shot by Colin Wilson.
4:39 of 2nd period - Deflect By Brad Marchand.
4:39 of 2nd period - Shot Blocked by Derek Stepan.
4:39 of 2nd period - Puck is out of play.
4:40 of 2nd period - Colin Wilson wins face-off versus Joe Pavelski in Penguins zone.
5:05 of 2nd period - Christian Folin is hit by Steven Stamkos and loses puck.
5:51 of 2nd period - Wrist shot by Marcus Foligno.
5:51 of 2nd period - Goal by Marcus Foligno - Flames : 0 - Penguins : 1.
5:52 of 2nd period - Patrik Berglund wins face-off versus Steven Stamkos in neutral zone.
6:00 of 2nd period - Off-side.
6:01 of 2nd period - Patrik Berglund wins face-off versus Steven Stamkos in neutral zone.
6:40 of 2nd period - Snap shot by Jason Zucker.
6:40 of 2nd period - Shot Blocked by David Backes.
6:48 of 2nd period - Snap shot by David Backes.
6:48 of 2nd period - Shot Blocked by Steven Stamkos.
6:50 of 2nd period - Backhand shot by Christian Folin.
6:50 of 2nd period - Shot Misses the Net.
6:52 of 2nd period - Slapshot by Esa Lindell.
6:52 of 2nd period - Shot Blocked by Sean Zimmerman.
7:10 of 2nd period - Snap shot by Patrik Berglund.
7:10 of 2nd period - Shot Misses the Net.
7:16 of 2nd period - Wrist shot by Patrik Berglund.
7:16 of 2nd period - Stopped by Viktor Fasth without a rebound.
7:17 of 2nd period - Derek Stepan wins face-off versus Colin Wilson in Penguins zone.
9:27 of 2nd period - Oliver Ekman-Larsson is hit by Patrik Berglund and loses puck.
9:45 of 2nd period - Anders Lee is hit by Jeff Skinner and loses puck.
10:03 of 2nd period - Vladimir Sobotka is hit by Steven Stamkos and loses puck.
10:26 of 2nd period - Minor Penalty to Marcus Foligno for Roughing.
10:27 of 2nd period - David Backes wins face-off versus Steven Stamkos in Penguins zone.
10:30 of 2nd period - Wrist shot by David Backes.
10:30 of 2nd period - Stopped by Viktor Fasth with a rebound.
10:32 of 2nd period - Slapshot by Alexander Semin.
10:32 of 2nd period - Shot Misses the Net.
10:34 of 2nd period - Snap shot by Patrik Berglund.
10:34 of 2nd period - Shot Misses the Net.
11:04 of 2nd period - Snap shot by Tanner Pearson.
11:04 of 2nd period - Shot Misses the Net.
11:32 of 2nd period - Clarke MacArthur is hit by Alexander Semin.
12:05 of 2nd period - Tanner Pearson is hit by Keith Aulie.
12:26 of 2nd period - Penalty to Marcus Foligno is over, Marcus Foligno is back on ice.
12:54 of 2nd period - Wrist shot by Jeff Skinner.
12:54 of 2nd period - Shot Hit the Post.
13:16 of 2nd period - Wrist shot by Derek Stepan.
13:16 of 2nd period - Stopped by Christopher Gibson with a rebound.
13:18 of 2nd period - Slapshot by Keith Aulie.
13:18 of 2nd period - Deflect By Kyle Palmieri.
13:18 of 2nd period - Stopped by Christopher Gibson without a rebound.
13:19 of 2nd period - Cal Clutterbuck wins face-off versus Colin Wilson in Flames zone.
13:28 of 2nd period - Wrist shot by Jimmy Hayes.
13:28 of 2nd period - Shot Misses the Net.
13:30 of 2nd period - Slapshot by Erik Johnson.
13:30 of 2nd period - Deflect By Nick Leddy.
13:30 of 2nd period - Stopped by Viktor Fasth without a rebound.
13:31 of 2nd period - Steven Stamkos wins face-off versus Patrik Berglund in Penguins zone.
13:31 of 2nd period - Steven Stamkos is hit by David Backes.
13:43 of 2nd period - Wrist shot by Steven Stamkos.
13:43 of 2nd period - Shot Misses the Net.
14:06 of 2nd period - Wrist shot by Alexander Semin.
14:06 of 2nd period - Stopped by Viktor Fasth without a rebound.
14:07 of 2nd period - Derek Stepan wins face-off versus Colin Wilson in Penguins zone.
14:22 of 2nd period - Snap shot by Derek Stepan.
14:22 of 2nd period - Stopped by Christopher Gibson without a rebound.
14:23 of 2nd period - Patrik Berglund wins face-off versus Steven Stamkos in Flames zone.
14:23 of 2nd period - Patrik Berglund is hit by Sean Zimmerman.
14:32 of 2nd period - Minor Penalty to Steven Stamkos for Interference.
14:33 of 2nd period - Patrik Berglund wins face-off versus Cal Clutterbuck in Penguins zone.
14:43 of 2nd period - Snap shot by David Backes.
14:43 of 2nd period - Shot Misses the Net.
14:45 of 2nd period - Snap shot by David Backes.
14:45 of 2nd period - Goal by David Backes - Flames : 1 - Penguins : 1.
14:46 of 2nd period - Steven Stamkos wins face-off versus Patrik Berglund in neutral zone.
15:18 of 2nd period - Slapshot by Sami Vatanen.
15:18 of 2nd period - Deflect By Keith Aulie.
15:18 of 2nd period - Stopped by Viktor Fasth with a rebound.
15:22 of 2nd period - Snap shot by Jimmy Hayes.
15:22 of 2nd period - Shot Misses the Net.
15:46 of 2nd period - Slapshot by Esa Lindell.
15:46 of 2nd period - Shot Blocked by Jeff Skinner.
16:00 of 2nd period - Tanner Pearson is hit by Jason Zucker and loses puck.
16:11 of 2nd period - Slapshot by Nikita Kucherov.
16:11 of 2nd period - Shot Misses the Net.
16:53 of 2nd period - Slapshot by Kyle Palmieri.
16:53 of 2nd period - Stopped by Viktor Fasth with a rebound.
16:55 of 2nd period - Slapshot by Colby Robak.
16:55 of 2nd period - Stopped by Viktor Fasth with a rebound.
17:22 of 2nd period - Wrist shot by Marcus Foligno.
17:22 of 2nd period - Shot Blocked by Sami Vatanen.
17:38 of 2nd period - Wrist shot by David Backes.
17:38 of 2nd period - Deflect By Alexander Semin.
17:38 of 2nd period - Stopped by Viktor Fasth with a rebound.
17:40 of 2nd period - Wrist shot by Alexander Semin.
17:40 of 2nd period - Shot Misses the Net.
17:47 of 2nd period - Icing by Steven Stamkos.
17:48 of 2nd period - Steven Stamkos wins face-off versus Anders Lee in Penguins zone.
17:57 of 2nd period - Snap shot by Steven Stamkos.
17:57 of 2nd period - Stopped by Christopher Gibson without a rebound.
17:58 of 2nd period - Nikita Kucherov wins face-off versus Anders Lee in Flames zone.
18:59 of 2nd period - Colby Robak is hit by Joe Colborne and loses puck.
19:14 of 2nd period - David Ullstrom is hit by Marcus Foligno and loses puck.
19:39 of 2nd period - Wrist shot by Bryan Rust.
19:39 of 2nd period - Stopped by Viktor Fasth with a rebound.
19:41 of 2nd period - Snap shot by Anders Lee.
19:41 of 2nd period - Shot Misses the Net.
19:45 of 2nd period - Slapshot by Tanner Pearson.
19:45 of 2nd period - Stopped by Viktor Fasth without a rebound.
19:46 of 2nd period - Derek Stepan wins face-off versus Patrik Berglund in Penguins zone.
19:46 of 2nd period - Derek Stepan is hit by David Backes.
19:52 of 2nd period - Alexander Semin is hit by Derek Stepan and loses puck.
Goals for this period are 1 for Flames vs 1 for Penguins.
Shots for this period are 14 for Flames vs 11 for Penguins.
3rd period
0:01 of 3rd period - Steven Stamkos wins face-off versus Patrik Berglund in neutral zone.
0:30 of 3rd period - Snap shot by Derek Stepan.
0:30 of 3rd period - Shot Misses the Net.
0:46 of 3rd period - Wrist shot by Joe Colborne.
0:46 of 3rd period - Shot Blocked by Christian Folin.
1:07 of 3rd period - Minor Penalty to Brandon Tanev for Cross-checking.
1:08 of 3rd period - Steven Stamkos wins face-off versus Patrik Berglund in Penguins zone.
1:08 of 3rd period - Steven Stamkos is hit by David Backes.
1:21 of 3rd period - Slapshot by Erik Johnson.
1:21 of 3rd period - Deflect By Alexander Semin.
1:21 of 3rd period - Shot Blocked by Steven Stamkos.
1:21 of 3rd period - Puck is out of play.
1:22 of 3rd period - Alexander Semin wins face-off versus Steven Stamkos in Penguins zone.
1:25 of 3rd period - Wrist shot by David Backes.
1:25 of 3rd period - Shot Blocked by Oliver Ekman-Larsson.
2:40 of 3rd period - Erik Johnson is hit by Sean Zimmerman.
3:07 of 3rd period - Penalty to Brandon Tanev is over, Brandon Tanev is back on ice.
3:38 of 3rd period - Wrist shot by Tanner Pearson.
3:38 of 3rd period - Stopped by Viktor Fasth without a rebound.
3:39 of 3rd period - Derek Stepan wins face-off versus Anders Lee in Penguins zone.
3:39 of 3rd period - Derek Stepan is hit by Anders Lee.
3:53 of 3rd period - Wrist shot by Derek Stepan.
3:53 of 3rd period - Shot Blocked by Colby Robak.
4:10 of 3rd period - Jimmy Hayes is hit by Derek Stepan and loses puck.
4:27 of 3rd period - Wrist shot by Joe Pavelski.
4:27 of 3rd period - Shot Blocked by Esa Lindell.
4:42 of 3rd period - Joe Pavelski is hit by Jimmy Hayes and loses puck.
4:51 of 3rd period - Slapshot by Christian Folin.
4:51 of 3rd period - Shot Misses the Net.
4:57 of 3rd period - Snap shot by Jimmy Hayes.
4:57 of 3rd period - Shot Blocked by Damon Severson.
4:59 of 3rd period - Wrist shot by Brad Marchand.
4:59 of 3rd period - Shot Blocked by Joe Pavelski.
5:11 of 3rd period - Slapshot by Christian Folin.
5:11 of 3rd period - Shot Misses the Net.
5:47 of 3rd period - Esa Lindell is hit by Nick Leddy and loses puck.
5:55 of 3rd period - Off-side.
5:56 of 3rd period - Patrik Berglund wins face-off versus Steven Stamkos in neutral zone.
6:15 of 3rd period - Jason Zucker is hit by Sami Vatanen and loses puck.
7:15 of 3rd period - Icing by Cal Clutterbuck.
7:16 of 3rd period - Anders Lee wins face-off versus Nikita Kucherov in Penguins zone.
7:24 of 3rd period - Icing by Sami Vatanen.
7:25 of 3rd period - Anders Lee wins face-off versus Joe Colborne in Flames zone.
7:54 of 3rd period - Wrist shot by Alexander Semin.
7:54 of 3rd period - Stopped by Viktor Fasth with a rebound.
7:56 of 3rd period - Slapshot by Colby Robak.
7:56 of 3rd period - Shot Misses the Net.
7:58 of 3rd period - Slapshot by Brendan Mikkelson.
7:58 of 3rd period - Stopped by Viktor Fasth without a rebound.
7:59 of 3rd period - Patrik Berglund wins face-off versus Steven Stamkos in Penguins zone.
8:02 of 3rd period - Snap shot by David Backes.
8:02 of 3rd period - Stopped by Viktor Fasth with a rebound.
8:04 of 3rd period - Wrist shot by Sami Vatanen.
8:04 of 3rd period - Deflect By Alexander Semin.
8:04 of 3rd period - Stopped by Viktor Fasth with a rebound.
8:49 of 3rd period - Wrist shot by Brandon Tanev.
8:49 of 3rd period - Stopped by Christopher Gibson without a rebound.
8:50 of 3rd period - Vladimir Sobotka wins face-off versus Roope Hintz in Flames zone.
9:05 of 3rd period - Wrist shot by David Ullstrom.
9:05 of 3rd period - Shot Misses the Net.
9:07 of 3rd period - Snap shot by David Ullstrom.
9:07 of 3rd period - Shot Blocked by Roope Hintz.
9:17 of 3rd period - Nikita Kucherov is hit by Sami Vatanen and loses puck.
9:24 of 3rd period - Slapshot by Damon Severson.
9:24 of 3rd period - Shot Misses the Net.
9:30 of 3rd period - Sean Zimmerman is hit by Alexander Semin and loses puck.
9:57 of 3rd period - Wrist shot by Nikita Kucherov.
9:57 of 3rd period - Shot Blocked by Christian Folin.
9:59 of 3rd period - Slapshot by Nikita Kucherov.
9:59 of 3rd period - Goal by Nikita Kucherov - Flames : 1 - Penguins : 2.
10:00 of 3rd period - Patrik Berglund wins face-off versus Cal Clutterbuck in neutral zone.
11:45 of 3rd period - Slapshot by Alexander Semin.
11:45 of 3rd period - Stopped by Viktor Fasth with a rebound.
12:25 of 3rd period - Slapshot by Steven Stamkos.
12:25 of 3rd period - Shot Misses the Net.
12:27 of 3rd period - Wrist shot by Steven Stamkos.
12:27 of 3rd period - Stopped by Christopher Gibson without a rebound.
12:28 of 3rd period - Patrik Berglund wins face-off versus Derek Stepan in Flames zone.
12:55 of 3rd period - Jason Zucker is hit by Erik Johnson and loses puck.
13:18 of 3rd period - Snap shot by Jason Zucker.
13:18 of 3rd period - Stopped by Christopher Gibson with a rebound.
13:31 of 3rd period - Brendan Mikkelson is hit by Clarke MacArthur and loses puck.
14:05 of 3rd period - Wrist shot by Marcus Foligno.
14:05 of 3rd period - Stopped by Christopher Gibson with a rebound.
14:07 of 3rd period - Snap shot by Oliver Ekman-Larsson.
14:07 of 3rd period - Shot Misses the Net.
14:09 of 3rd period - Snap shot by Roope Hintz.
14:09 of 3rd period - Shot Misses the Net.
14:11 of 3rd period - Slapshot by Oliver Ekman-Larsson.
14:11 of 3rd period - Stopped by Christopher Gibson with a rebound.
14:13 of 3rd period - Slapshot by Oliver Ekman-Larsson.
14:13 of 3rd period - Shot Blocked by Erik Johnson.
14:15 of 3rd period - Snap shot by Roope Hintz.
14:15 of 3rd period - Stopped by Christopher Gibson without a rebound.
14:16 of 3rd period - Steven Stamkos wins face-off versus Colin Wilson in Flames zone.
14:27 of 3rd period - Slapshot by Brad Marchand.
14:27 of 3rd period - Stopped by Viktor Fasth with a rebound.
14:41 of 3rd period - Nikita Kucherov is hit by Christian Folin and loses puck.
15:03 of 3rd period - Snap shot by Steven Stamkos.
15:03 of 3rd period - Shot Misses the Net.
15:11 of 3rd period - Wrist shot by Nikita Kucherov.
15:11 of 3rd period - Shot Misses the Net.
15:13 of 3rd period - Snap shot by Nikita Kucherov.
15:13 of 3rd period - Stopped by Christopher Gibson with a rebound.
15:15 of 3rd period - Snap shot by Nick Leddy.
15:15 of 3rd period - Shot Misses the Net.
15:17 of 3rd period - Snap shot by Jason Zucker.
15:17 of 3rd period - Stopped by Christopher Gibson with a rebound.
15:31 of 3rd period - Wrist shot by Steven Stamkos.
15:31 of 3rd period - Shot Misses the Net.
15:33 of 3rd period - Slapshot by Nick Leddy.
15:33 of 3rd period - Shot Misses the Net.
15:35 of 3rd period - Slapshot by Damon Severson.
15:35 of 3rd period - Stopped by Christopher Gibson with a rebound.
15:37 of 3rd period - Snap shot by Jason Zucker.
15:37 of 3rd period - Stopped by Christopher Gibson without a rebound.
15:38 of 3rd period - Patrik Berglund wins face-off versus Joe Colborne in Flames zone.
16:05 of 3rd period - Oliver Ekman-Larsson is hit by Colin Wilson and loses puck.
17:15 of 3rd period - Slapshot by Sean Zimmerman.
17:15 of 3rd period - Stopped by Christopher Gibson without a rebound.
17:16 of 3rd period - Derek Stepan wins face-off versus Colin Wilson in Flames zone.
17:57 of 3rd period - Esa Lindell is hit by Nick Leddy.
18:35 of 3rd period - Wrist shot by Tanner Pearson.
18:35 of 3rd period - Shot Misses the Net.
18:37 of 3rd period - Slapshot by Esa Lindell.
18:37 of 3rd period - Shot Blocked by Clarke MacArthur.
18:39 of 3rd period - Wrist shot by Bryan Rust.
18:39 of 3rd period - Stopped by Viktor Fasth with a rebound.
18:45 of 3rd period - Flames, Christopher Gibson is pulled from the net.
18:49 of 3rd period - Wrist shot by Tanner Pearson.
18:49 of 3rd period - Stopped by Viktor Fasth with a rebound.
18:51 of 3rd period - Snap shot by Anders Lee.
18:51 of 3rd period - Stopped by Viktor Fasth with a rebound.
18:53 of 3rd period - Wrist shot by Tanner Pearson.
18:53 of 3rd period - Shot Misses the Net.
18:55 of 3rd period - Wrist shot by Bryan Rust.
18:55 of 3rd period - Deflect By Joe Colborne.
18:55 of 3rd period - Shot Misses the Net.
18:55 of 3rd period - Puck is out of play.
18:56 of 3rd period - Lindy Ruff call a timeout for Flames.
18:56 of 3rd period - Patrik Berglund wins face-off versus Steven Stamkos in Penguins zone.
18:57 of 3rd period - Snap shot by David Backes.
18:57 of 3rd period - Shot Misses the Net.
18:59 of 3rd period - Snap shot by Alexander Semin.
18:59 of 3rd period - Stopped by Viktor Fasth with a rebound.
19:01 of 3rd period - Wrist shot by Alexander Semin.
19:01 of 3rd period - Stopped by Viktor Fasth with a rebound.
19:03 of 3rd period - Snap shot by David Backes.
19:03 of 3rd period - Stopped by Viktor Fasth with a rebound.
19:05 of 3rd period - Snap shot by Patrik Berglund.
19:05 of 3rd period - Stopped by Viktor Fasth with a rebound.
19:07 of 3rd period - Snap shot by Sami Vatanen.
19:07 of 3rd period - Shot Blocked by Keith Aulie.
19:15 of 3rd period - Slapshot by David Backes.
19:15 of 3rd period - Deflect By Steven Stamkos.
19:15 of 3rd period - Shot Misses the Net.
19:15 of 3rd period - Puck is out of play.
19:16 of 3rd period - Steven Stamkos wins face-off versus Patrik Berglund in Penguins zone.
19:53 of 3rd period - Snap shot by Patrik Berglund.
19:53 of 3rd period - Shot Misses the Net.
19:55 of 3rd period - Wrist shot by David Backes.
19:55 of 3rd period - Deflect By Alexander Semin.
19:55 of 3rd period - Stopped by Viktor Fasth with a rebound.
Goals for this period are 0 for Flames vs 1 for Penguins.
Shots for this period are 15 for Flames vs 12 for Penguins.
Output by the SimonT Hockey Simulator (STHS) for Francois Prevost